 Seeded DCSS version 0.25.1-2-g60ff931df9 (webtiles) character file.

Game seed: 12364180997856489815 (custom seed)

9447 babuloseo the Quickloader (level 11, -1/90 HPs)
             Began as a Human Hunter on Oct 24, 2020.
             Was an Elder of Okawaru.
             Slain by an orc warrior
             ... wielding a +0 battleaxe
              (7 damage)
             ... on level 9 of the Dungeon.
             The game lasted 00:19:36 (12579 turns).

babuloseo the Quickloader (Human Hunter)           Turns: 12579, Time: 00:19:36

Health: -1/90      AC: 20    Str: 25    XL:     11   Next: 74%
Magic:  20/20      EV: 16    Int: 15    God:    Okawaru [****..]
Gold:   1037       SH:  7    Dex: 16    Spells: 9/10 levels left

rFire    . . .     SeeInvis .   r - +1 falchion (protect)
rCold    . . .     Gourm    .   Q - +2 buckler "Sekhlydo" {+Blink Str+5}
rNeg     . . .     Faith    .   z - +4 ring mail
rPois    +         Spirit   .   P - +0 helmet
rElec    .         Reflect  .   M - +0 cloak
rCorr    .         Harm     .   R - +0 pair of gloves
MR       .....                  (no boots)
Stlth    +++.......             (no amulet)
HPRegen  0.25/turn              U - +6 ring of strength
MPRegen  0.17/turn              S - ring of Limitation {rPois MP+9 Int+4}

@: protection aura
A: no striking features
a: Heroism, Renounce Religion, Evoke Blink


You were on level 9 of the Dungeon.
You worshipped Okawaru.
Okawaru was greatly pleased with you.
You were not hungry.

You visited 3 branches of the dungeon, and saw 11 of its levels.

You collected 1255 gold pieces.
You spent 218 gold pieces at shops.

Inventory:

Hand Weapons
 a - a +1 hand crossbow
 b - a +0 short sword
 r - a +1 falchion of protection (weapon)
 s - a +4 shortbow
 E - a +0 scimitar
 L - a +3 quarterstaff of chaos
 N - a +1 dire flail of protection
 V - a +0 shortbow
 X - a +0 rapier
Missiles
 d - 169 bolts
 e - 212 arrows
 C - 3 atropa-tipped darts
 D - 2 throwing nets (quivered)
Armour
 c - a +0 leather armour
 j - a scarf of harm
 t - a +0 scale mail
 u - a +1 ring mail of fire resistance
 z - a +4 ring mail (worn)
 M - a +0 cloak (worn)
 O - a +1 ring mail of cold resistance
 P - a +0 helmet (worn)
 Q - the +2 buckler "Sekhlydo" (worn) {+Blink Str+5}
   (You bought it in a shop on level 4 of the Dungeon)

   It affects your strength (+5).
   It lets you blink.
 R - a +0 pair of gloves (worn)
Jewellery
 S - the ring of Limitation (right hand) {rPois MP+9 Int+4}
   (You found it on level 7 of the Dungeon)

   [ring of magical power]

   It affects your intelligence (+4).
   It protects you from poison.
   It affects your magic capacity (+9).
 U - a +6 ring of strength (left hand)
Wands
 A - a wand of flame (23)
 G - a wand of digging (2)
 J - a wand of random effects (13)
 Y - a wand of polymorph (6)
 Z - a wand of iceblast (7)
Scrolls
 g - 3 scrolls of enchant weapon {unknown}
 h - 2 scrolls of magic mapping
 l - 5 scrolls of remove curse
 m - 2 scrolls of blinking {unknown}
 n - 2 scrolls of fear {unknown}
 q - a scroll of immolation {unknown}
 v - 4 scrolls of enchant armour
 w - 3 scrolls of fog {unknown}
 y - 2 scrolls of amnesia {unknown}
 F - 2 scrolls of teleportation {unknown}
 W - a scroll of identify
Potions
 i - 3 potions of cancellation {unknown}
 k - 2 potions of invisibility {unknown}
 o - 6 potions of lignification
 p - 4 potions of heal wounds
 x - a potion of flight {unknown}
 B - 2 potions of brilliance {unknown}
 H - 6 potions of stabbing {unknown}
 I - 4 potions of magic {unknown}
 K - a potion of berserk rage
 T - 4 potions of resistance {unknown}
Comestibles
 f - 15 rations


   Skills:
 * Level 9.7 Fighting
 * Level 10.3 Crossbows
 - Level 4.4 Armour
 + Level 6.9 Dodging
 + Level 7.3 Stealth
 + Level 4.6 Shields


You had 9 spell levels left.
You knew the following spells:

 Your Spells              Type           Power        Failure   Level  Hunger
a - Summon Butterflies    Summ           #.......     36%         1    ##.....

Your spell library contained the following spells:

 Spells                   Type           Power        Failure   Level  Hunger
 Leda's Liquefaction      Hex/Erth       #.........   98%         4    #####..
 Summon Lightning Spire   Summ/Air       #.......     98%         4    #####..
 Aura of Abjuration       Summ           #.........   100%        5    ######.


Dungeon Overview and Level Annotations

Branches:
Dungeon (9/15)             Temple (1/1) D:5            Lair (1/6) D:8
    Orc: D:9-12

Altars:
Cheibriados
Dithmenos
Elyvilon
Fedhas
Gozag
Kikubaaqudgha
Nemelex Xobeh
Okawaru
Qazlal
Ru
Sif Muna
Trog
Uskayaw
Vehumet
Wu Jian
Xom
Yredelemnul
Zin

Shops:
D:4 *


Message History

The orc warrior is severely wounded.
The orc warrior hits you with a +0 battleaxe.
* * * LOW HITPOINT WARNING * * *
The orc priest hits you with a +0 flail.
* * * LOW HITPOINT WARNING * * *
Unknown command.
You hit the orc warrior but do no damage.
The orc warrior is severely wounded.
You block the orc warrior's attack.
The orc priest hits you with a +0 flail!
* * * LOW HITPOINT WARNING * * *
You completely miss the orc warrior.
The orc warrior is severely wounded.
You block the orc warrior's attack.
The orc priest invokes the aid of Beogh against you.
You struggle to resist.
You hit the orc warrior.
The orc warrior is severely wounded.
The orc warrior hits you with a +0 battleaxe!
You die...

#. #. ########+##
##.###### #.........#
........####..<......#
..........##.........#
........#.##....o)...#
........#..'....@o...#
.<.(....####....)....#
....<...# #.........#
........# #.........+
........# #.........#
#####>### ######+####
..# .## .


You could see an orc warrior and an orc priest.

Vanquished Creatures
  A hydra (Lair:1)
  Pikel (D:5)
  A black mamba (Lair:1)
  4 spiny frogs (Lair:1)
  11 yaks
  A basilisk (Lair:1)
  Edmund (D:4)
  Duvessa (D:6)
  2 water moccasins (Lair:1)
  5 porcupines
  A black bear (D:7)
  2 orc warriors (D:8)
  An ice beast (D:6)
  5 sky beasts
  4 ogres
  2 centaurs (D:8)
  4 crocodiles
  9 bullfrogs
  A gnoll sergeant (D:8)
  Dowan (D:6)
  A scorpion (D:7)
  6 killer bees (D:7)
  2 vampire bats (D:8)
  11 crimson imps
  2 bullfrog zombies (D:5)
  3 orc priests
  A jelly (D:5)
  2 hounds
  11 orc wizards
  Crazy Yiuf (D:4)
  A gnoll shaman (D:4)
  3 iguanas
  A centaur skeleton (D:4)
  Ijyb (D:4)
  Natasha (thrice) (D:2)
  A worker ant (D:8)
  A hound skeleton (D:5)
  A howler monkey zombie (D:8)
  Robin (D:3)
  7 gnolls
  2 howler monkey skeletons
  5 adders
  A shadow imp (D:8)
  An ooze (D:2)
  An adder zombie (D:7)
  An adder skeleton (D:5)
  3 worms
  4 leopard geckos
  39 orcs
  A ball python (D:1)
  7 giant cockroaches
  12 goblins
  10 hobgoblins
  4 jackals (D:2)
  6 kobolds
  5 quokkas
  11 bats
  4 frilled lizards
  A jackal skeleton (D:4)
  A leopard gecko skeleton (D:5)
  A leopard gecko zombie (D:6)
  A quokka skeleton (D:4)
  6 rats
  2 plants (Lair:1)
247 creatures vanquished.

Vanquished Creatures (others)
  A phantom (D:5)
  8 fungi
  21 plants
30 creatures vanquished.

Grand Total: 277 creatures vanquished

Notes
Turn   | Place    | Note
-------+----------+-------------------------------------------
     0 | D:1      | babuloseo the Human Hunter began the quest for the Orb.
     0 | D:1      | Reached XP level 1. HP: 16/16 MP: 1/1
   318 | D:1      | Reached XP level 2. HP: 20/22 MP: 2/2
   887 | D:1      | Reached XP level 3. HP: 19/28 MP: 3/3
  1715 | D:2      | Noticed Natasha
  1725 | D:2      | Killed Natasha
  1725 | D:2      | Reached skill level 1 in Armour
  1725 | D:2      | Reached XP level 4. HP: 7/34 MP: 4/4
  2004 | D:2      | Noticed Natasha
  2014 | D:2      | Killed Natasha
  2146 | D:2      | Found a glowing silver altar of Zin.
  2186 | D:2      | Noticed Natasha
  2189 | D:2      | Killed Natasha
  2189 | D:2      | Reached XP level 5. HP: 41/41 MP: 5/5
  2377 | D:2      | Found a stormy altar of Qazlal.
  2377 | D:2      | Noticed an air elemental
  2378 | D:2      | Noticed a water elemental
  2378 | D:2      | Noticed a fire elemental
  2868 | D:3      | Reached skill level 5 in Crossbows
  2868 | D:3      | Reached XP level 6. HP: 45/47 MP: 6/6
  3221 | D:5      | Entered Level 5 of the Dungeon
  3333 | D:5      | Noticed a sky beast
  3634 | D:5      | Noticed an ogre
  3639 | D:5      | Killed an ogre
  3639 | D:5      | Reached XP level 7. HP: 54/54 MP: 7/7
  3704 | D:5      | Noticed Pikel
  3744 | D:5      | Killed Pikel
  3744 | D:5      | Reached skill level 5 in Fighting
  3744 | D:5      | Reached skill level 6 in Crossbows
  3744 | D:5      | Reached XP level 8. HP: 23/62 MP: 8/8
  4147 | D:5      | Found a staircase to the Ecumenical Temple.
  4152 | Temple   | Entered the Ecumenical Temple
  4194 | Temple   | Became a worshipper of Warmaster Okawaru
  5282 | D:4      | Reached XP level 9. HP: 54/69 MP: 9/9
  5538 | D:4      | Reached * piety under Okawaru
  5538 | D:4      | Reached skill level 7 in Crossbows
  5604 | D:4      | Noticed Ijyb
  5611 | D:4      | Killed Ijyb
  5714 | D:4      | Found a runed translucent door.
  5716 | D:4      | Noticed Crazy Yiuf
  5722 | D:4      | Killed Crazy Yiuf
  5767 | D:4      | Noticed Edmund
  5784 | D:4      | Killed Edmund
  5949 | D:4      | Found Jigammog's Assorted Antiques.
  6111 | D:4      | Noticed Robin
  6246 | D:3      | Killed Robin
  6736 | D:6      | Reached ** piety under Okawaru
  7037 | D:6      | Noticed Duvessa
  7039 | D:6      | Noticed Dowan
  7046 | D:6      | Killed Duvessa
  7062 | D:6      | Killed Dowan
  7406 | D:4      | Bought a faintly glowing buckler for 218 gold pieces
  7411 | D:4      | Identified the +2 buckler "Sekhlydo" {+Blink Str+5} (You
                  | bought it in a shop on level 4 of the Dungeon)
  7550 | D:7      | Reached skill level 5 in Stealth
  7551 | D:7      | Reached skill level 5 in Dodging
  7566 | D:7      | Reached skill level 8 in Crossbows
  7759 | D:7      | Got a scintillating bronze ring
  7911 | D:7      | Reached skill level 1 in Shields
  7911 | D:7      | Reached XP level 10. HP: 79/79 MP: 10/10
  7928 | D:7      | Identified Wugekkof's Collected Works on the Entourage and
                  | Stones
  7934 | D:7      | Learned a level 1 spell: Summon Butterflies
  7949 | D:7      | Found a bloodstained altar of Trog.
  7951 | D:7      | Found a hide-covered altar of Uskayaw.
  8257 | D:7      | Reached *** piety under Okawaru
  8285 | D:7      | Found an ornate altar of the Wu Jian Council.
  8367 | D:7      | Found an opulent altar of Gozag.
  8368 | D:7      | Found a shimmering blue altar of Sif Muna.
  8381 | D:7      | Identified the ring of Limitation {rPois MP+9 Int+4} (You
                  | found it on level 7 of the Dungeon)
  9252 | D:8      | Received a gift from Okawaru
  9258 | D:8      | Reached skill level 9 in Crossbows
  9366 | D:8      | Found a staircase to the Lair.
  9510 | D:8      | Reached **** piety under Okawaru
  9510 | D:8      | Received a gift from Okawaru
  9715 | D:8      | Reached XP level 11. HP: 87/87 MP: 11/11
  9986 | Lair:1   | Entered Level 1 of the Lair of Beasts
 10678 | Lair:1   | Identified a scroll of acquirement
 10678 | Lair:1   | Acquired 880 gold pieces
 10695 | Lair:1   | Reached skill level 10 in Crossbows
 11842 | Lair:1   | Noticed a seven-headed hydra
 11851 | Lair:1   | Killed a seven-headed hydra
 12579 | D:9      | Slain by an orc warrior

Illustrated notes

Levels and vault maps discovered:
D:1:      dpeg_arrival_stonehenge_8_columns, layout_basic
D:2:      layout_loops_ring, zin_treasury, nicolae_qazlal_style_of_elements,
          uniq_natasha
D:3:      layout_basic
D:4:      layout_gridville, serial_shops, nicolae_shop_statue_plus,
          serial_bayou_lake_a, uniq_ijyb, uniq_edmund, uniq_crazy_yiuf_cottage,
          uniq_robin
D:5:      layout_basic, minmay_temple_entry_wispy, first_ration,
          minmay_misc_feat_tiny, uniq_pikel
D:6:      layout_rooms, st_stairs_4, uniq_duvessa
D:7:      layout_loops_ring, chequers_temple_overflow_statue_of_worship,
          gammafunk_temple_overflow_pools, marbit_many_paths
D:8:      layout_loops_ring, minmay_lair_entry_grove, grunt_pizzeria,
          roderic_batcave, minmay_nine_imps
D:9:      layout_roguey, serial_corexii_hall, corexii_hall_statues_i,
          chequers_hall_statues_y, corexii_hall_statues_u, bloody_makhleb
Temple:   nicolae_temple_elliptical
Lair:1:   layout_cave_pods, wad_woods_road_02, infiniplex_staircase_pool_2,
          serial_bayou_shore_b, lemuel_fruit_tree

Skill      XL: |  1  2  3  4  5  6  7  8  9 10 11 |
---------------+----------------------------------+-----
Armour         | 1 2 3 4 |  4.4
Fighting       | 3 4 5 7 8 9 |  9.7
Stealth        | 2 3 4 5 6 7 |  7.3
Crossbows      | 5 6 8 9 10 | 10.3
Dodging        | 3 4 5 6 |  6.9
Shields        | 1 3 4 |  4.6

Action                   |  1- 3 |  4- 6 |  7- 9 | 10-12 || total
-------------------------+-------+-------+-------+-------++-------
Melee: Short sword       |   125 |    53 |       |       ||   178
       Falchion          |       |       |   103 |   262 ||   365
       Quarterstaff      |       |       |    14 |       ||    14
 Fire: Hand crossbow     |     8 |    95 |   244 |   256 ||   603
Invok: Heroism           |       |       |       |    11 ||    11
Evoke: Wand              |       |       |     1 |       ||     1
  Use: Scroll            |       |     2 |     4 |     2 ||     8
 Stab: Sleeping          |     1 |       |     2 |     2 ||     5
  Eat: Chunk             |     3 |     6 |    10 |     8 ||    27
       Ration            |       |       |     1 |     2 ||     3
Armor: Leather armour    |    39 |     6 |       |       ||    45
       Scale mail        |       |    29 |       |       ||    29
       Ring mail         |       |     4 |   108 |   147 ||   259
Dodge: Dodged            |   115 |    65 |   170 |   253 ||   603
Block: Buckler           |       |       |    10 |   147 ||   157
       Rpst.: Falchion   |       |       |    24 |    59 ||    83
